 Dungeon Crawl Stone Soup version 0.22-a0-247-gbddf880757 (webtiles) character file.

49 RedPan the Slasher (level 3, -3/29 HPs)
             Began as a Demonspawn Monk on Feb 24, 2018.
             Slain by Robin
             ... wielding a +2 trident of piercing
              (6 damage)
             ... on level 2 of the Dungeon.
             The game lasted 00:03:18 (1044 turns).

RedPan the Slasher (Demonspawn Monk)                Turns: 1044, Time: 00:03:19

Health: -3/29      AC:  7    Str: 12    XL:     3   Next: 51%
Magic:  3/3        EV: 12    Int: 11    God:
Gold:   59         SH:  0    Dex: 15    Spells: 2/2 levels left

rFire    . . .     SeeInvis .   a - +0 falchion
rCold    . . .     Gourm    .   (no shield)
rNeg     . . .     Faith    .   d - +0 ring mail
rPois    .         Spirit   .   (no helmet)
rElec    .         Reflect  .   (no cloak)
rCorr    .         Harm     .   (no gloves)
MR       .....                  (no boots)
Stlth    ++........             (no amulet)
HPRegen  0.09/turn              (no ring)
MPRegen  0.08/turn              (no ring)

@: slowed, very slow
A: iridescent scales 1, nightstalker 1
a: no special abilities


You were on level 2 of the Dungeon.
You were not hungry.

You visited 1 branch of the dungeon, and saw 2 of its levels.

You collected 59 gold pieces.

Inventory:

Hand Weapons
 a - a +0 falchion (weapon)
Armour
 d - a +0 ring mail (worn)
Scrolls
 e - 2 scrolls of identify {unknown}
 g - a scroll of remove curse {unknown}
 h - a scroll of amnesia {unknown}
Potions
 b - 2 potions of lignification {unknown}
 i - a potion of curing {unknown}
Comestibles
 c - 4 rations
 f - 2 chunks of flesh


   Skills:
 - Level 3.0 Fighting
 * Level 3.5 Long Blades
 + Level 1.2 Armour
 + Level 3.1 Dodging
 - Level 1.7 Stealth


You had 2 spell levels left.
You didn't know any spells.

Dungeon Overview and Level Annotations

Branches:
Dungeon (2/15)

Altars:
Yredelemnul

Annotations:
D:2 Natasha, Robin


Innate Abilities, Weirdness & Mutations

You are partially covered in iridescent scales. (AC +2)
You are slightly more attuned to the shadows.


Message History

The goblin is severely wounded.
Natasha claws you but does no damage. Robin closely misses you.
You closely miss Natasha.
Natasha is moderately wounded.
The goblin no longer looks unusually strong.
The hobgoblin no longer looks unusually strong.
The goblin misses you.
You riposte.
You slash the goblin!
You kill the goblin!
Natasha claws you but does no damage. Robin hits you but does no damage.
Natasha mumbles some strange words.
You hit Natasha.
Natasha is heavily wounded.
Robin hits you from afar with a trident of piercing.
* * * LOW HITPOINT WARNING * * *
x2 The crimson imp hits you but does no damage.
Natasha barely misses you.
You riposte.
Your ring mail prevents you from hitting Natasha.
Natasha is heavily wounded.
Robin hits you from afar with a trident of piercing.
You die...

..... ..............
.....####.....##......(
.........)....##.....(.
.....#...#....##.......
....#_#..#.............
#..#..##....##.......
#...gg##)...##.......
####h###.....#..##### #.##
#@###.......## .....#
#5........###
.......##.......[.##
........#..........#######
........#.................
........#................#
..........................
.....)..###......#.##.(###
.......####.######.....##


You could see Robin, Natasha, a crimson imp and a hobgoblin.

Vanquished Creatures
  A worm (D:2)
  A leopard gecko (D:1)
  2 ball pythons (D:2)
  3 bats
  2 giant cockroaches
  13 goblins
  6 hobgoblins
  2 frilled lizards (D:2)
  5 kobolds
  5 rats
40 creatures vanquished.

Notes
Turn   | Place    | Note
-------+----------+-------------------------------------------
     0 | D:1      | RedPan the Demonspawn Monk began the quest for the Orb.
     0 | D:1      | Reached XP level 1. HP: 18/18 MP: 1/1
   356 | D:1      | Gained mutation: You are partially covered in iridescent scales. (AC +2) [demonic ancestry]
   356 | D:1      | Reached XP level 2. HP: 24/24 MP: 2/2
   949 | D:2      | Found a basalt altar of Yredelemnul.
   957 | D:2      | Reached skill level 1 in Armour
   963 | D:2      | Gained mutation: You are slightly more attuned to the shadows. [demonic ancestry]
   963 | D:2      | Reached XP level 3. HP: 29/29 MP: 3/3
  1012 | D:2      | Found a faded altar of an unknown god.
  1026 | D:2      | Noticed Natasha
  1028 | D:2      | Noticed Robin
  1044 | D:2      | Slain by Robin

Vault maps used:
D:1:      dpeg_arrival_simpleton_b
D:2:      yredelemnul_altar_generic, chequers_ecumenical_altar_simple,
          uniq_natasha, uniq_robin

Skill      XL: |  1  2 |
---------------+-------+-----
Long Blades    | 3 |  3.5
Dodging        | 3 |  3.1
Armour         | 1 |  1.2
Fighting       | |  3.0
Stealth        | |  1.7

Action                   || total
-------------------------++-------
Melee: Falchion          ||   127
  Eat: Chunk             ||     1
Armor: Ring mail         ||    62
       Robe              ||     1
Dodge: Dodged            ||    95
       Rpst.: Falchion   ||    27

Table legend:
 A = Spawn XP
 B = Non-spawn XP
 C = Spawn XP percentage of total XP
 D = Spawn monster count
 E = Non-spawn monster count
 F = Spawn count percentage of total count
 G = Total turns spent on level
                    A         B        C        D         E        F      G
               +---------+---------+-------+---------+---------+-------+---------
         Total |       0 |      70 |   0.0 |       0 |      40 |   0.0 |  1044
               +---------+---------+-------+---------+---------+-------+---------
           D:1 |       0 |      26 |   0.0 |       0 |      16 |   0.0 |   794
           D:2 |       0 |      44 |   0.0 |       0 |      24 |   0.0 |   250
               +---------+---------+-------+---------+---------+-------+---------
